AoeStats
← -Luxo-

Arena

504084788Analyzed
1v1 RM · 1mo ago on Sep 3, 2026· 36m 54s· 2 players
Game mode
Random Map
Map size
Tiny (2 player)
Population
200
Speed
Normal
Resources
Standard
Victory
Conquest
Starting age
Dark Age
Ending age
Imperial Age
RankedLock teamsTeams togetherTeam positionsShared explorationLock speedFull tech treeHidden civsTurbo modeCheats
Victory
Defeat
🇩🇪 Bohemians · Germany
953
+15
🇺🇸 Vietnamese · United States
937
-15
BananaWednesday
7:27 Loom
9:27 Feudal Age
10:26 Double-Bit Axe
10:24 Horse Collar
18:20 Castle Age
16:35 Padded Archer Armor
16:51 Fletching
17:08 Gold Mining
17:10 Stone Mining
17:26 Gold Mining
18:33 Forging
19:50 Bow Saw
26:29 Heavy Plow
27:07 Bodkin Arrow
27:52 Leather Archer Armor
30:25 Murder Holes
31:13 Wheelbarrow
30:24 Town Watch
31:28 Sanctity
32:26 Hand Cart
32:12 Town Patrol
33:49 Scale Mail Armor
34:24 Iron Casting
36:45 Imperial Age
35:14 Ballistics
34:45 Guard Tower
34:38 Treadmill Crane
37:29 Chain Mail Armor
37:22 Scale Barding Armor
-Luxo-
8:17 Loom
13:02 Feudal Age
14:20 Wheelbarrow
13:27 Horse Collar
13:35 Double-Bit Axe
19:14 Castle Age
18:37 Fletching
20:31 Bow Saw
20:24 Heavy Plow
22:31 Hand Cart
22:02 Town Watch
22:42 Pikeman
23:43 Bodkin Arrow
27:07 Ballistics
28:53 Chemistry
28:12 Squires
29:29 Murder Holes
30:34 Wagenburg Tactics
30:36 Treadmill Crane
33:30 Imperial Age
32:05 Masonry
32:07 Fortified Wall
32:36 Wagenburg Tactics
34:36 Conscription
34:23 Hussite Reforms
33:40 Elite Hussite Wagon
33:51 Sappers
36:14 Houfnice
Connection lost

Rejoining the realm…

Still unreachable

The connection could not be restored.

Session expired

The server has moved on; the page needs a fresh start.